 Dungeon Crawl Stone Soup version 0.26-a0-854-gdc81c2f471 (webtiles) character file.

Game seed: 4891910657274630093

136 tatocazan the Thaumaturge (level 5, -6/37 HPs)
             Began as a Gnoll Wanderer on Nov 22, 2020.
             Killed by nerve-wracking pain
             ... invoked by a shadow imp
              (12 damage)
             ... in a sewer.
             The game lasted 00:06:34 (4375 turns).

tatocazan the Thaumaturge (Gnoll Wanderer)          Turns: 4375, Time: 00:06:35

Health: -6/37      AC:  3    Str: 17    XL:     5   Next: 19%
Magic:  13/16      EV: 12    Int: 14    God:
Gold:   97         SH:  0    Dex: 13    Spells: 19/22 levels left

rFire    . . .     SeeInvis .   a - +0 club
rCold    . . .     Faith    .   (no shield)
rNeg     . . .     Spirit   .   d - +0 robe
rPois    .         Reflect  .   (no helmet)
rElec    .         Harm     .   (no cloak)
rCorr    .         Rampage  .   g - +0 pair of gloves
MR       .....                  (no boots)
Stlth    ++........             (no amulet)
HPRegen  0.12/turn              (no ring)
MPRegen  0.15/turn              (no ring)

@: no status effects
A: distributed training, fangs 1, strong nose
a: no special abilities


You were in a sewer.
You visited 1 branch of the dungeon, and saw 3 of its levels.
You also visited: Sewer.

You collected 97 gold pieces.

Inventory:

Hand Weapons
 a - a +0 club (weapon)
Armour
 d - a +0 robe (worn)
 g - a +0 pair of gloves (worn)
Scrolls
 h - a scroll of identify
 j - 2 scrolls of remove curse {unknown}
 k - a scroll of blinking {unknown}
 l - a scroll of amnesia {unknown}
Potions
 c - 3 potions of lignification
 f - a potion of haste
 i - a potion of degeneration {unknown}


   Skills:
 + Level 1.4 Fighting
 + Level 1.4 Short Blades
 + Level 1.4 Long Blades
 + Level 1.4 Axes
 + Level 1.4 Maces & Flails
 + Level 1.4 Polearms
 + Level 1.4 Staves
 + Level 1.4 Slings
 + Level 1.4 Bows
 + Level 1.4 Crossbows
 + Level 2.9 Throwing
 + Level 1.4 Armour
 + Level 1.4 Dodging
 + Level 2.7 Stealth
 + Level 1.4 Shields
 + Level 1.4 Unarmed Combat
 + Level 9.3 Spellcasting
 + Level 1.1 Conjurations
 + Level 1.1 Hexes
 + Level 1.1 Summonings
 + Level 1.1 Necromancy
 + Level 1.1 Translocations
 + Level 2.3 Transmutations
 + Level 5.5 Fire Magic
 + Level 1.1 Ice Magic
 + Level 1.1 Air Magic
 + Level 1.1 Earth Magic
 + Level 1.1 Poison Magic
 + Level 1.5 Invocations
 + Level 1.4 Evocations


You had 19 spell levels left.
You knew the following spells:

 Your Spells              Type           Power        Failure   Level
a - Sting                 Tmut/Pois      ##..         5%          1
b - Blink                 Tloc           N/A          11%         2

Your spell library contained the following spells:

 Spells                   Type           Power        Failure   Level
 Magic Dart               Conj           #...         7%          1
 Conjure Flame            Conj/Fire      ###.....     9%          3
 Call Imp                 Summ           #.......     11%         2
 Slow                     Hex            #.......     11%         2
 Spider Form              Tmut/Pois      ##........   16%         3
 Mephitic Cloud           Conj/Pois/Air  #.......     22%         3


Dungeon Overview and Level Annotations

Branches:
Dungeon (3/15)              Sewer (1/1)

Altars:
Dithmenos


Innate Abilities, Weirdness & Mutations

Your experience applies equally to all skills.
You have very sharp teeth.
Your uncanny sense of smell can sniff out nearby items.


Message History

The shadow imp closely misses you.
You hit the shadow imp.
The shadow imp is almost dead.
The shadow imp hits you.
You hit the shadow imp but do no damage.
The shadow imp is almost dead.
The shadow imp barely misses you.
The shadow imp hits you but does no damage.
You hit the shadow imp.
The shadow imp is almost dead.
The shadow imp hits you.
* * * LOW HITPOINT WARNING * * *
You barely miss the shadow imp. Your bite misses the shadow imp.
The shadow imp is almost dead.
The shadow imp closely misses you.
You closely miss the shadow imp.
The shadow imp is almost dead.
The shadow imp gestures at you. Pain shoots through your body!
You die...

#≈≈.#
#≈≈.#≈≈≈≈≈≈≈≈≈≈≈
#≈≈.# ≈≈≈≈≈≈≈≈≈≈
#≈≈.# ≈≈≈≈≈≈≈≈≈≈
#≈≈.# ≈≈≈≈≈≈≈≈≈
#≈≈.# ≈≈≈≈≈≈≈≈
#≈≈.####≈#≈≈###≈
#≈..#..((.......
#≈≈(...@).......
#≈..#...5.......
##≈####≈##≈##≈##
#≈≈ ≈≈≈≈≈≈≈ #≈≈
≈≈≈≈≈≈≈≈≈≈ #≈≈
≈≈≈≈≈≈≈≈≈≈≈≈
#≈≈≈≈≈≈≈≈≈≈≈≈≈≈≈
≈≈≈≈≈≈≈≈≈≈≈≈≈≈


You could see a shadow imp.

Vanquished Creatures
  A gnoll (D:3)
  5 adders
  A river rat (D:3)
  3 oozes
  A worm (D:2)
  A dart slug (D:1)
  2 leopard geckos (D:3)
  4 bats
  7 giant cockroaches
  2 goblins (D:1)
  6 hobgoblins
  2 jackals (D:1)
  2 frilled lizards
  A giant cockroach zombie (Sewer)
  10 kobolds
  A kobold zombie (Sewer)
  8 rats
57 creatures vanquished.

Notes
Turn   | Place    | Note
-------+----------+-------------------------------------------
     0 | D:1      | Reached skill level 9 in Spellcasting
     0 | D:1      | tatocazan the Gnoll Wanderer began the quest for the Orb.
     0 | D:1      | tatocazan set off with the following items: a +0 club, a
                  | potion of lignification, a +0 robe; and the following
                  | spells available to memorise: Sting, Magic Dart, Conjure
                  | Flame, Blink, Call Imp, Slow, Spider Form, Mephitic Cloud
     0 | D:1      | Reached XP level 1. HP: 13/13 MP: 10/10
     2 | D:1      | Learned a level 1 spell: Sting
    95 | D:1      | Reached XP level 2. HP: 7/19 MP: 9/12
   672 | D:1      | Learned a level 2 spell: Blink
  1080 | D:1      | Reached XP level 3. HP: 8/25 MP: 10/13
  1698 | D:1      | You fall into a shaft and drop 1 floor!
  2034 | D:2      | Found a shadowy altar of Dithmenos.
  2059 | D:2      | Reached skill level 1 in Invocations
  2317 | D:2      | Reached skill level 1 in Fighting
  2317 | D:2      | Reached skill level 1 in Short Blades
  2317 | D:2      | Reached skill level 1 in Long Blades
  2317 | D:2      | Reached skill level 1 in Axes
  2317 | D:2      | Reached skill level 1 in Maces & Flails
  2317 | D:2      | Reached skill level 1 in Polearms
  2317 | D:2      | Reached skill level 1 in Staves
  2317 | D:2      | Reached skill level 1 in Slings
  2317 | D:2      | Reached skill level 1 in Bows
  2317 | D:2      | Reached skill level 1 in Crossbows
  2317 | D:2      | Reached skill level 1 in Armour
  2317 | D:2      | Reached skill level 1 in Dodging
  2317 | D:2      | Reached skill level 1 in Shields
  2317 | D:2      | Reached skill level 1 in Unarmed Combat
  2317 | D:2      | Reached skill level 1 in Evocations
  2626 | D:2      | Reached XP level 4. HP: 26/32 MP: 11/15
  3450 | D:3      | Reached skill level 1 in Conjurations
  3450 | D:3      | Reached skill level 1 in Hexes
  3450 | D:3      | Reached skill level 1 in Summonings
  3450 | D:3      | Reached skill level 1 in Necromancy
  3450 | D:3      | Reached skill level 1 in Translocations
  3450 | D:3      | Reached skill level 1 in Ice Magic
  3450 | D:3      | Reached skill level 1 in Air Magic
  3450 | D:3      | Reached skill level 1 in Earth Magic
  3450 | D:3      | Reached skill level 1 in Poison Magic
  3653 | D:3      | Reached XP level 5. HP: 10/37 MP: 8/16
  3691 | D:3      | Found a glowing drain.
  3695 | Sewer    | Entered a sewer
  3699 | Sewer    | HP: 1/37 [ooze (3)]
  4375 | Sewer    | Killed from afar by a shadow imp

Illustrated notes

Levels and vault maps discovered:
D:1:      dpeg_arrival_rhombus, layout_basic, chequers_serial_rivers_room_b
D:2:      layout_basic, grunt_dithmenos_smoke_and_mirrors
D:3:      layout_loops_ring, general_overflow_altar, gup_sewer_entry_spiral,
          dk_vineyard_1, grunt_decor_resistance
Sewer:    kennysheep_sewer_church

Skill      XL: |  1  2  3  4 |
---------------+-------------+-----
Spellcasting   | |  9.3
Transmutations | 2 |  2.3
Invocations    | 1 |  1.5
Fighting       | 1 |  1.4
Short Blades   | 1 |  1.4
Long Blades    | 1 |  1.4
Axes           | 1 |  1.4
Maces & Flails | 1 |  1.4
Polearms       | 1 |  1.4
Staves         | 1 |  1.4
Slings         | 1 |  1.4
Bows           | 1 |  1.4
Crossbows      | 1 |  1.4
Armour         | 1 |  1.4
Dodging        | 1 |  1.4
Shields        | 1 |  1.4
Unarmed Combat | 1 |  1.4
Evocations     | 1 |  1.4
Conjurations   | 1 |  1.1
Hexes          | 1 |  1.1
Summonings     | 1 |  1.1
Necromancy     | 1 |  1.1
Translocations | 1 |  1.1
Ice Magic      | 1 |  1.1
Air Magic      | 1 |  1.1
Earth Magic    | 1 |  1.1
Poison Magic   | 1 |  1.1
Throwing       | |  2.9
Stealth        | |  2.7
Fire Magic     | |  5.5

Action                   |  1- 3 |  4- 6 || total
-------------------------+-------+-------++-------
Melee: Club              |   105 |    91 ||   196
       Bite              |    13 |     8 ||    21
 Cast: Sting             |    17 |    31 ||    48
  Use: Scroll            |       |     2 ||     2
       Potion            |       |     2 ||     2
 Stab: Sleeping          |     4 |     2 ||     6
Armor: Robe              |    44 |    27 ||    71
Dodge: Dodged            |   113 |    78 ||   191

Table legend: (Time is in decaauts)
 A = Elapsed time spent in this place.
 B = Non-inter-level travel time spent in this place.
 C = Inter-level travel time spent in this place.
 D = Time resting spent in this place.
 E = Time spent auto-exploring this place.
 F = Levels seen in this place.
 G = Mean time per level.
                   A        B        C        D        E       F      G
               +--------+--------+--------+--------+--------+-----+--------+
         Total |   4450 |   4441 |      9 |   2437 |   1453 |   4 | 1112.5 |
       Dungeon |   3760 |   3751 |      9 |   1845 |   1423 |   3 | 1253.3 |
         Sewer |    690 |    690 |      0 |    592 |     29 |   1 |  690.0 |
               +--------+--------+--------+--------+--------+-----+--------+

Top non-repeatable levels by time:
     D:1: 1723 daAuts
     D:2: 1535 daAuts
   Sewer: 690 daAuts
     D:3: 501 daAuts
